 Dungeon Crawl Stone Soup version 0.18-a0-1570-gf60b0ab (webtiles) character file.

30 M4edhros the Poker (level 3, -6/26 HPs)
             Began as an Octopode Chaos Knight on Mar 14, 2016.
             Mangled by a gnoll (9 damage)
             ... on level 2 of the Dungeon.
             The game lasted 00:01:15 (1266 turns).

M4edhros the Poker (Octopode Chaos Knight)          Turns: 1266, Time: 00:01:15

Health: -6/26      AC:  1    Str: 11    XL:     3   Next: 20%
Magic:  3/3        EV:  9    Int: 14    God:    Xom [....*.]
Gold:   54         SH:  6    Dex: 12    Spells: 0 memorised, 2 levels left

rFire  . . .     SeeInvis .     i - +2 short sword (speed)
rCold  . . .     Gourm    .     c - +0 shield (curse)
rNeg   . . .     Faith    .     (helmet restricted)
rPois  .         Spirit   .     (no amulet)
rElec  .         Dismiss  .     (no ring)
rCorr  .         Reflect  .     (no ring)
SustAt .         Harm     .     (no ring)
MR     .....                    (no ring)
Stlth  ++........               (no ring)
                                (no ring)
                                (no ring)
                                (no ring)

@: not resistant to hostile enchantments, unstealthy
A: almost no armour, amphibious, 8 rings, constrict 8, camouflage 1, gelatinous
body 1
a: Renounce Religion


You were on level 2 of the Dungeon.
You worshipped Xom.
You were a beloved toy of Xom.
You were not hungry.

You visited 1 branch of the dungeon, and saw 2 of its levels.

You collected 54 gold pieces.

Inventory:

Hand Weapons
 a - a +0 spear of chaos
 g - a +0 spear of flaming
 i - a +2 short sword of speed (weapon)
Armour
 c - a cursed +0 shield (worn)
Jewellery
 l - a +4 amulet of reflection {unknown}
 m - an uncursed ring of fire {unknown}
Scrolls
 d - 3 scrolls of remove curse {unknown}
 e - a scroll of enchant armour {unknown}
 f - a scroll of blinking {unknown}
 k - a scroll of enchant weapon {unknown}
 n - a scroll of recharging {unknown}
 p - a scroll of magic mapping {unknown}
 q - a scroll of identify {unknown}
Potions
 h - a potion of flight {unknown}
 o - a potion of curing {unknown}
Comestibles
 b - 3 bread rations


   Skills:
 - Level 3.0 Fighting
 + Level 4.2 Polearms
 - Level 2.3 Dodging


You had 2 spell levels left.
You didn't know any spells.

Dungeon Overview and Level Annotations

Branches:
Dungeon (2/15)

Altars:


Innate Abilities, Weirdness & Mutations

You cannot wear most types of armour.
You are amphibious.
You can wear up to eight rings at the same time.
You can use your tentacles to constrict eight enemies at once.
Your skin changes colour to match your surroundings (Stealth).
Your rubbery body absorbs attacks (AC +1).


Message History

The gnoll hits you. The gnoll closely misses you.
You hit the gnoll but do no damage.
The gnoll is heavily wounded.
You constrict the gnoll. x2; The gnoll hits you but does no damage.
The gnoll hits you.
You emit a cloud of colourful smoke!
The gnoll hits you with a spear.
You hit the gnoll.
The gnoll is severely wounded.
You constrict the gnoll, but do no damage. x2
The gnoll closely misses you. The gnoll hits you!
* * * LOW HITPOINT WARNING * * *
The gnoll closely misses you.
You are too injured to fight recklessly!
Unknown command.
Drink which item? (? for menu, Esc to quit)
It was a potion of cure mutation.
It has a very clean taste.
Xom roars with laughter!
You constrict the gnoll. x2; The gnoll hits you!
You die...

....... .....^. .#
.......
###########.
.......
.....≈.....
.......
#....≈....#
....... #.≈≈≈≈§..
........###...≈...
.........##(?.≈gg#
###......###...g@#
# #........#..§§§#
# #.......##..§#.#
# #.......##..<..#
# #.......##.#...#
# #......###.#...#
#
#.......##.#...###
#
##+#..#.##.......#
#
#....#.#####..###


You could see 3 gnolls.

Vanquished Creatures
  A dart slug (D:1)
  A giant gecko (D:2)
  2 goblins (D:1)
  3 hobgoblins
  4 jackals
  4 kobolds
  6 bats
  3 giant newts
  3 rats (D:1)
27 creatures vanquished.

Notes
Turn   | Place    | Note
--------------------------------------------------------------
     0 | D:1      | M4edhros the Octopode Chaos Knight began the quest for the Orb.
     0 | D:1      | Reached XP level 1. HP: 16/16 MP: 1/1
   175 | D:1      | XOM: divination: magic mapping
   327 | D:1      | Reached XP level 2. HP: 6/21 MP: 2/2
   499 | D:1      | XOM: divination: detect items
   736 | D:1      | XOM: butterfly on damage
   803 | D:1      | XOM: harmless Trmt miscast
   890 | D:1      | XOM: silly message
   948 | D:1      | XOM: severe Chrm miscast
   952 | D:1      | Reached skill level 4 in Polearms
  1066 | D:2      | Reached XP level 3. HP: 26/26 MP: 3/3
  1264 | D:2      | XOM: smoke on damage
  1266 | D:2      | Mangled by a gnoll

Vault maps used:
D:1:      tarquinn_simple_flora_water_e, minmay_distorted
D:2:      evilmike_ruin_ashenzari, lemuel_zombie_altar_kikubaaqudgha,
          grunt_pakellas_sulfur

Skill      XL: |  1  2 |
---------------+-------+-----
Polearms       | 4 |  4.2
Fighting       | |  3.0
Dodging        | |  2.3

Action                   || total
-------------------------++-------
Melee: Spear             ||    16
       Short sword       ||    38
  Use: Potion            ||     1
 Stab: Sleeping          ||    10
  Eat: Chunk             ||     1
